 Seeded DCSS version 0.29.1-15-g9cfb28693d (webtiles) character file.

Game seed: 8515177902725472229 (custom seed)

389 hikkokomori the Digger (level 6, -1/36 HPs)
             Began as a Gargoyle Earth Elementalist on Apr 20, 2023.
             Killed by divine providence
             ... invoked by an orc priest
              (12 damage)
             ... on level 5 of the Dungeon.
             The game lasted 00:05:51 (4375 turns).

hikkokomori the Digger (GrEE)                       Turns: 4375, Time: 00:05:52

Health: -1/36      AC:  7    Str: 12    XL:     6   Next: 79%
Magic:  6/11       EV: 12    Int: 17    God:
Gold:   1322       SH:  0    Dex: 10    Spells: 7/11 levels left

rFire   . . .      SeeInvis .   e - staff of earth
rCold   . . .      Faith    .   (no shield)
rNeg    + . .      Spirit   .   a - +0 robe
rPois   ∞          Reflect  .   j - +0 hat
rElec   +          Harm     .   (no cloak)
rCorr   .          Rampage  .   (no gloves)
Will    .....                   x - +0 pair of boots
Stlth   ++........              q - amulet of the acrobat
HPRegen 0.12/turn               (no ring)
MPRegen 0.12/turn               (no ring)

@: no status effects
A: sickness immunity, AC +4, negative energy resistance 1, electricity
resistance, torment resistance 1, petrification resistance
a: no special abilities


You were on level 5 of the Dungeon.
You visited 1 branch of the dungeon, and saw 5 of its levels.

You collected 1322 gold pieces.

Inventory:

Hand Weapons
 t - the +8 demon whip of Kismet {venom, rElec rF+}
   (You acquired it on level 2 of the Dungeon)

   It poisons the flesh of those it strikes.
   rF:        It protects you from fire.
   rElec:     It insulates you from electricity.
Missiles
 s - 4 throwing nets
Armour
 a - a +0 robe (worn)
 j - a +0 hat (worn)
 x - a +0 pair of boots (worn)
Magical Staves
 e - a staff of earth (weapon)
Jewellery
 q - an amulet of the acrobat (around neck)
Wands
 y - a wand of paralysis (2)
Scrolls
 d - 4 scrolls of identify {unknown}
 k - 3 scrolls of blinking {unknown}
 m - 2 scrolls of noise {unknown}
 o - a scroll of vulnerability {unknown}
 p - 3 scrolls of teleportation {unknown}
 r - a scroll of enchant weapon {unknown}
 u - a scroll of amnesia {unknown}
 v - 2 scrolls of fear {unknown}
 A - a scroll of butterflies {unknown}
 B - 2 scrolls of enchant armour {unknown}
 C - a scroll of poison {unknown}
 D - a scroll of brand weapon {unknown}
Potions
 b - 2 potions of magic
 c - 3 potions of curing {unknown}
 f - a potion of attraction {unknown}
 g - a potion of might {unknown}
 h - a potion of flight {unknown}
 i - 3 potions of heal wounds {unknown}
 l - a potion of mutation {unknown}
 n - 2 potions of haste {unknown}
 w - 2 potions of lignification {unknown}
 z - a potion of cancellation {unknown}


   Skills:
 + Level 2.6 Fighting
 - Level 1.9 Dodging
 + Level 4.1 Stealth
 + Level 3.3 Spellcasting
 + Level 2.6 Conjurations
 - Level 1.2 Transmutations
 + Level 5.0 Earth Magic


You had 7 spell levels left.
You knew the following spells:

 Your Spells              Type           Power      Damage    Failure   Level
a - Sandblast             Erth           60%        2d14      1%          1
b - Stone Arrow           Conj/Erth      48%        3d10      11%         3

Your spell library contained the following spells:

 Spells                   Type           Power      Damage    Failure   Level
 Passwall                 Tmut/Erth      16%        N/A       7%          2
 Beastly Appendage        Tmut           12%        N/A       11%         1
 Sting                    Tmut/Pois      16%        1d3       13%         1
 Wereblood                Tmut           6%         N/A       16%         2
 Slow                     Hex            8%         N/A       17%         1
 Poisonous Vapours        Pois/Air       4%         N/A       26%         2
 Spider Form              Tmut/Pois      4%         N/A       36%         3
 Petrify                  Tmut/Erth      20%        N/A       43%         4
 Call Canine Familiar     Summ           2%         N/A       45%         3
 Confusing Touch          Hex            2%         N/A       45%         3
 Inner Flame              Hex/Fire       2%         N/A       45%         3
 Portal Projectile        Hex/Tloc       4%         N/A       45%         3
 Vampiric Draining        Necr           2%         2d6       45%         3
 Leda's Liquefaction      Hex/Erth       8%         N/A       52%         4
 Cause Fear               Hex            1%         N/A       86%         4
 Olgreb's Toxic Radiance  Pois           2%         N/A       86%         4
 Passage of Golubria      Tloc           2%         N/A       86%         4
 Silence                  Hex/Air        1%         N/A       99%         5
 Discord                  Hex            1%         N/A       100%        8
 Lehudib's Crystal Spear  Conj/Erth      12%        10d4      100%        8


Dungeon Overview and Level Annotations

Branches:
Dungeon (5/15)
 Temple: D:4-7

Altars:
Vehumet
Xom

Shops:
D:2 *

Annotations:
D:4 2 transporters, Grunkalo's ghost, amateur PaWn


Innate Abilities, Weirdness & Mutations

You are immune to sickness and miasma.
Your stone body is resilient. (AC +4)
You are immune to poison.
You resist negative energy. (rN+)
You are resistant to electric shocks. (rElec)
You are resistant to unholy torment.
You are immune to petrification.


Message History

An orc is nearby!
You can't see any susceptible monsters within range! (Use Z to cast anyway.)
An orc comes into view. It is wielding a +0 dagger.
The orc moves out of view.
An orc priest comes into view. It is wielding a +0 short sword.
An orc priest is nearby!
An orc priest is nearby!
You feel a surge of power!
The blast of sand hits the orc!
You kill the orc!
The orc priest shouts!
The orc shouts!
The orc priest calls down the wrath of Beogh upon you.
Beogh smites you!
You feel a surge of power!
The blast of sand hits the orc!
You kill the orc!
You feel a surge of power!
The blast of sand hits the orc priest.
The orc priest is moderately wounded.
The orc priest invokes the aid of Beogh against you.
Beogh smites you!
You are too injured to fight recklessly!
You are too injured to fight recklessly!
You are too injured to fight recklessly!
Casting: Sandblast (safe; 1% risk of failure)
Confirm with . or Enter, or press ? or * to list all spells.
Aiming: Sandblast (safe; 1% risk of failure)
Press: ? - help, Shift-Dir - straight line, f/p - orc priest
Aim: an orc priest, wielding a +0 short sword and wearing a +0 chain mail (moderately wounded, 88% to hit)
You feel a surge of power!
The blast of sand hits the orc priest but does no damage.
The orc priest is moderately wounded.
The orc priest hits you but does no damage.
Casting: Sandblast (safe; 1% risk of failure)
Confirm with . or Enter, or press ? or * to list all spells.
Aiming: Sandblast (safe; 1% risk of failure)
Press: ? - help, Shift-Dir - straight line, f/p - orc priest
Aim: an orc priest, wielding a +0 short sword and wearing a +0 chain mail (moderately wounded, 88% to hit)
You feel a surge of power!
The blast of sand hits the orc priest!
The orc priest is severely wounded.
The orc priest mumbles some strange prayers to Beogh against you.
Beogh smites you!
You die...

.......#.# #.#.# ##
.........# .# #.#.# #.
.####.#### .#
....######. .####.####
.# .....<... ...).....#
.## .###... ....#)##.# #
.. #... ###.#)##.# ##.
)# ###. # #.#)##.#
#.##.##..#. #.
###.#.##.# #..@o......
##
....#.##.#####.##.##...#
###......#............ #
###.#.##..............
.##.#.##.#.###.#######..
.........#.# #.# #
...........# #.#
..####.##### #.# .## #..
..#


You could see an orc priest.

Vanquished Creatures
  A jelly (D:2)
  2 orc priests
  A gnoll bouda (D:5)
  3 iguanas
  7 gnolls
  3 adders
  An ufetubus (D:4)
  3 dart slugs
  15 orcs
  5 ball pythons
  5 bats
  3 endoplasms
  4 giant cockroaches
  7 goblins
  7 hobgoblins
  5 jackals (D:2)
  A quokka (D:5)
  5 frilled lizards
  4 kobolds
  4 rats
86 creatures vanquished.

Notes
Turn   | Place    | Note
-------+----------+-------------------------------------------
     0 | D:1      | hikkokomori the Gargoyle Earth Elementalist began the quest
                  | for the Orb.
     0 | D:1      | Reached XP level 1. HP: 10/10 MP: 3/3
   239 | D:1      | Reached skill level 1 in Transmutations
   239 | D:1      | Reached XP level 2. HP: 15/15 MP: 3/5
  1062 | D:2      | Reached XP level 3. HP: 19/19 MP: 4/6
  1062 | D:2      | Identified a scroll of acquirement
  1062 | D:2      | Acquired a staff of earth
  1124 | D:2      | Learned a level 3 spell: Stone Arrow
  1275 | D:2      | Reached skill level 4 in Earth Magic
  1745 | D:2      | Found Vuamm's General Store.
  1788 | D:2      | Found a shimmering altar of Xom.
  1963 | D:2      | Reached skill level 1 in Fighting
  1963 | D:2      | Reached XP level 4. HP: 25/25 MP: 4/7
  2071 | D:2      | Reached skill level 1 in Conjurations
  2145 | D:2      | Acquired a Young Poisoner's Handbook
  2147 | D:2      | Acquired 1115 gold pieces
  2149 | D:2      | Acquired the +8 demon whip of Kismet {venom, rElec rF+}
  2157 | D:3      | Found a faded altar of an unknown god.
  2289 | D:3      | Reached XP level 5. HP: 29/29 MP: 6/8
  3022 | D:4      | Found a transporter.
  3333 | D:4      | Found a transporter.
  3333 | D:4      | Noticed Grunkalo's ghost (amateur PaWn)
  3428 | D:4      | Reached XP level 6. HP: 25/35 MP: 3/10
  3855 | D:5      | Entered Level 5 of the Dungeon
  4174 | D:5      | Found a radiant altar of Vehumet.
  4209 | D:5      | Reached skill level 5 in Earth Magic
  4375 | D:5      | Killed from afar by an orc priest

Illustrated notes

Levels and vault maps discovered:
D:1:      sevenhm_arrival_forest_fort_large_4, layout_basic,
          nrook_loot_triangle, minmay_lizard_pond
D:2:      layout_loops_ring, basic_altar, serial_shops,
          nicolae_shop_temple_entry_statues_fountains
D:3:      layout_basic, ebering_ecumenical_altar_webs, serial_forest,
          infiniplex_forest_lined_corner, infiniplex_forest_lined_1,
          infiniplex_forest_lined_1, infiniplex_forest_clump_small,
          infiniplex_forest_lined_room_3, infiniplex_forest_straight_1,
          infiniplex_forest_lined_room_2, infiniplex_forest_straight_4
D:4:      layout_cave_pools, gammafunk_ghost_arena
D:5:      layout_loops_ring, mainiacjoe_overflow_catwalk, nicolae_specific_store

Skill      XL: |  1  2  3  4  5  6 |
---------------+-------------------+-----
Transmutations | 1 |  1.2
Earth Magic    | 4 5 |  5.0
Fighting       | 1 2 |  2.6
Stealth        | 3 4 |  4.1
Conjurations   | 1 2 |  2.6
Spellcasting   | 3 |  3.3
Dodging        | |  1.9

Action                   |  1- 3 |  4- 6 || total
-------------------------+-------+-------++-------
Melee: Unarmed           |     2 |       ||     2
       Staff             |     5 |     9 ||    14
 Cast: Sandblast         |    46 |    97 ||   143
  Use: Scroll            |     1 |     3 ||     4
Armor: Robe              |     8 |    21 ||    29
Dodge: Dodged            |    18 |    40 ||    58
